 Dungeon Crawl Stone Soup version 0.29.1-15-g9cfb28693d (webtiles) character file.

Game seed: 12677176209255308961

30 Peloso the Covered (level 3, 33/33 HPs)
             Began as a Minotaur Fighter on Mar 11, 2023.
             Got out of the dungeon alive.
             The game lasted 00:01:40 (659 turns).

Peloso the Covered (Minotaur Fighter)                Turns: 659, Time: 00:01:40

Health: 33/33      AC:  7    Str: 20    XL:     3   Next: 5%
Magic:  2/2        EV: 10    Int:  5    God:
Gold:   0          SH:  4    Dex: 11    Spells: 2/2 levels left

rFire   . . .      SeeInvis .   a - +0 long sword
rCold   . . .      Faith    .   c - +0 buckler
rNeg    . . .      Spirit   .   b - +0 scale mail
rPois   .          Reflect  .   (helmet restricted)
rElec   .          Harm     .   (no cloak)
rCorr   .          Rampage  .   (no gloves)
Will    .....      Clarity  +   (no boots)
Stlth   ..........              (no amulet)
HPRegen 0.11/turn               (no ring)
MPRegen 0.08/turn               (no ring)

@: no status effects
A: horns 2, retaliatory headbutt, hooves 1, clarity, sense surroundings 1,
sturdy frame 1
a: no special abilities


You escaped.
You visited 1 branch of the dungeon, and saw 1 of its levels.

Inventory:

Hand Weapons
 a - a +0 long sword (weapon)
Armour
 b - a +0 scale mail (worn)
 c - a +0 buckler (worn)
Jewellery
 e - a ring of ice
Potions
 d - a potion of might


   Skills:
 + Level 4.0 Fighting
 + Level 2.8 Long Blades
 + Level 4.2 Armour
 + Level 0.4 Dodging
 + Level 4.0 Shields


You had 2 spell levels left.
You didn't know any spells.
Your spell library was empty.

Dungeon Overview and Level Annotations

Branches:
Dungeon (1/15)

Altars:


Innate Abilities, Weirdness & Mutations

You have a pair of horns on your head.
You reflexively headbutt those who attack you in melee.
You have large cloven feet.
You possess an exceptional clarity of mind.
You passively map a small area around you.
Your movements are slightly less encumbered by armour. (ER -2)


Message History

The kobold is severely wounded.
The kobold hits you but does no damage.
You closely miss the kobold. You headbutt the kobold.
You kill the kobold!
Your Shields skill increases to level 4!
Things that are here:
a +0 whip; 3 stones
f - 2 brown potions It was a potion of mutation.
You feel extremely strange.
You feel less energetic.
You feel frail.
Your thoughts seem clearer.
Really quaff the potion of mutation?
Okay, then.
Really quaff the potion of mutation?
You feel extremely strange.
You feel more energetic.
You feel robust.
You feel a strange attunement to the structure of the dungeons.
You feel less encumbered by your armour.
Your feet thicken and deform.
(D) Dungeon
Where to? (? - help)
What level of the Dungeon? (default 1, ? - help) Magic restored.
Things that are here:
a +0 dagger; a kobold skeleton You see here a +0 club.
Things that are here:
a +0 dagger; a goblin skeleton
There is an open door here.
There is an open door here.
There is an open door here.
There is an open door, spattered with blood here.
Things that are here:
a +0 whip; a +0 whip; 3 stones
There is an open door here.
There is an open door here.
There is a dry fountain here.
You see here 9 stones.
There is a staircase leading out of the dungeon here.
Are you sure you want to leave the Dungeon?
This will make you lose the game!
You have escaped!

#### #.##.####.#..#.#.#
###########............#.#.#
###.........####.........#.#.#
.(.............###.##.##...#.#
.....⌠...⌠.......#.........#.#
..⌠.........⌠...##....# #.#
.......≈.........# .###
.⌠...........⌠...# .# *
....≈.....≈.....@#
.⌠(..........⌠...# *
.......≈.........#* , ,
..⌠.........⌠...##
.....⌠...⌠......+
...............##
###.........#### ###########


There were no monsters in sight!

Vanquished Creatures
  2 endoplasms (D:1)
  A giant cockroach (D:1)
  6 goblins (D:1)
  2 hobgoblins (D:1)
  2 quokkas (D:1)
  5 bats (D:1)
  5 kobolds (D:1)
  A rat (D:1)
24 creatures vanquished.

Notes
Turn   | Place    | Note
-------+----------+-------------------------------------------
     0 | D:1      | Peloso the Minotaur Fighter began the quest for the Orb.
     0 | D:1      | Reached XP level 1. HP: 19/19 MP: 0/0
   213 | D:1      | Reached XP level 2. HP: 24/27 MP: 1/1
   493 | D:1      | Reached XP level 3. HP: 23/33 MP: 2/2
   537 | D:1      | Gained mutation: Your magical capacity is low. (-10% MP)
                  | [potion of mutation]
   537 | D:1      | Gained mutation: You are frail. (-10% HP) [potion of
                  | mutation]
   537 | D:1      | Gained mutation: You possess an exceptional clarity of
                  | mind. [potion of mutation]
   538 | D:1      | Lost mutation: Your magical capacity is low. (-10% MP)
                  | [potion of mutation]
   538 | D:1      | Lost mutation: You are frail. (-10% HP) [potion of
                  | mutation]
   538 | D:1      | Gained mutation: You passively map a small area around you.
                  | [potion of mutation]
   538 | D:1      | Gained mutation: Your movements are slightly less
                  | encumbered by armour. (ER -2) [potion of mutation]
   538 | D:1      | Gained mutation: You have large cloven feet. [potion of
                  | mutation]
   659 | D:$      | Got out of the dungeon alive.

Illustrated notes

Levels and vault maps discovered:
D:1:      dpeg_arrival_stone_temple_mockup, layout_basic,
          nicolae_figureground_pulse

Skill      XL: |  1  2  3 |
---------------+----------+-----
Armour         | 4 |  4.2
Fighting       | 4 |  4.0
Shields        | 4 |  4.0
Long Blades    | |  2.8
Dodging        | |  0.4

Action                   || total
-------------------------++-------
Melee: Long sword        ||    75
       Headbutt          ||     9
  Use: Potion            ||     3
       Scroll            ||     1
Armor: Scale mail        ||    44
Dodge: Dodged            ||    51
Block: Buckler           ||    23
